NYP
STATEN ISLAND YANKEES @ VERMONT LAKE MONSTERS
07/21/2048
 
TOP OF THE 1ST
Lowell Spinners batting - Pitching for Spokane Indians : LHP Tim Siddens
Pitching: LHP Tim Siddens
Batting: RHB Jim Hubbard 0-0: Ball
1-0: Foul Ball, location: 2F
1-1: Ball
2-1: Swinging Strike
2-2: Foul Ball, location: 2F
2-2: Foul Ball, location: 2F
2-2: Strikes out looking
Batting: RHB Ted Emmerich 0-0: Ball
1-0: Ball
2-0: Swinging Strike
2-1: Ground out 4-3 (Groundball, 4, EV 91.9 MPH)
Batting: RHB Dave Burwell 0-0: Swinging Strike
0-1: Ball
1-1: Ball
2-1: Foul Ball, location: 2F
2-2: Ball
3-2: Foul Ball, location: 2F
3-2: Strikes out looking
Top of the 1st over - 0 runs, 0 hits, 0 errors, 0 left on base; Lowell 0 - Spokane 0
BOTTOM OF THE 1ST
Spokane Indians batting - Pitching for Lowell Spinners : RHP Teruhiko Ushijima
Pitching: RHP Teruhiko Ushijima
Batting: LHB Caleb Domino 0-0: Ball
1-0: Hit by Pitch
Batting: RHB Andres Mendiola 0-0: Ball
1-0: Fielders Choice at 2nd, 1-4 (Groundball, P, EV 60.0 MPH)
Batting: LHB Gabriel Graves 0-0: Ball
1-0: Ball
2-0: Called Strike
2-1: Ball
3-1: Base on Balls
Andres Mendiola to second
Batting: RHB Sergio Godinez 0-0: Called Strike
0-1: Hit by Pitch
Andres Mendiola to third
Gabriel Graves to second
Batting: RHB Josh Whitmore 0-0: Called Strike
0-1: Ball
1-1: Foul Ball, location: 2F
1-2: Ball
2-2: Ball
3-2: Strikes out swinging
Batting: SHB Kaname Fujimoto 0-0: Ball
1-0: Ball
2-0: Ball
3-0: Called Strike
3-1: Fly out, F8 (Flyball, 8RM, EV 86.9 MPH)
Bottom of the 1st over - 0 runs, 0 hits, 0 errors, 3 left on base; Lowell 0 - Spokane 0
TOP OF THE 2ND
Lowell Spinners batting - Pitching for Spokane Indians : LHP Tim Siddens
Batting: RHB Alex Cardenas 0-0: Called Strike
0-1: Ball
1-1: Foul Ball, location: 2F
1-2: Foul Ball, location: 2F
1-2: Ball
2-2: Foul Ball, location: 2F
2-2: Ball
3-2: Strikes out swinging
Batting: RHB Bobby Schimke 0-0: Called Strike
0-1: Called Strike
0-2: Ball
1-2: Strikes out swinging
Batting: RHB Tony Nunez 0-0: Ball
1-0: Called Strike
1-1: Called Strike
1-2: Strikes out swinging
Top of the 2nd over - 0 runs, 0 hits, 0 errors, 0 left on base; Lowell 0 - Spokane 0
BOTTOM OF THE 2ND
Spokane Indians batting - Pitching for Lowell Spinners : RHP Teruhiko Ushijima
Batting: RHB Salvador Caldera 0-0: TRIPLE (Groundball, 3L, EV 100.6 MPH)
Batting: LHB Yat-sen Zhu 0-0: Called Strike
0-1: Called Strike
0-2: Strikes out looking
Batting: RHB Zach Thomason 0-0: Called Strike
0-1: Ball
1-1: Ball
2-1: Ball
3-1: Base on Balls
Batting: LHB Caleb Domino 0-0: Ball
1-0: Called Strike
1-1: Ball
2-1: Foul Ball, location: 2F
2-2: Ball
Passed Ball!
Salvador Caldera scores
Zach Thomason to second
3-2: Foul Ball, location: 2F
3-2: Foul Ball, location: 2F
3-2: Base on Balls
Batting: RHB Andres Mendiola 0-0: SINGLE (Groundball, 6MD, EV 96.2 MPH)
Zach Thomason to third
Caleb Domino to second
Runner from 3rd tries for Home, SAFE, throw by CF to home
Batting: LHB Gabriel Graves 0-0: Foul Ball, location: 2F
0-1: Called Strike
Caleb Domino steals 3rd base
0-2: Fielders Choice at 2nd, 5-4 (Groundball, 56, EV 106.9 MPH)
Caleb Domino scores
Batting: RHB Sergio Godinez 0-0: Called Strike
0-1: Ball
1-1: Ball
2-1: Swinging Strike
Passed Ball!
Gabriel Graves to second
2-2: Strikes out swinging
Bottom of the 2nd over - 3 runs, 2 hits, 0 errors, 1 left on base; Lowell 0 - Spokane 3
TOP OF THE 3RD
Lowell Spinners batting - Pitching for Spokane Indians : LHP Tim Siddens
Batting: SHB Salvador Padilla 0-0: Ball
1-0: Ground out U3 (Groundball, 3L, EV 98.1 MPH)
Batting: RHB Scott Hawkins 0-0: Hit by Pitch
Batting: RHB Mike Strey 0-0: Grounds into double play, 6-4-3 (Groundball, 6S, EV 83.8 MPH)
Top of the 3rd over - 0 runs, 0 hits, 0 errors, 0 left on base; Lowell 0 - Spokane 3
BOTTOM OF THE 3RD
Spokane Indians batting - Pitching for Lowell Spinners : RHP Teruhiko Ushijima
Batting: RHB Josh Whitmore 0-0: Called Strike
0-1: Swinging Strike
0-2: Ball
1-2: Ball
2-2: DOUBLE (Line Drive, 89D, EV 112.5 MPH)
Batting: SHB Kaname Fujimoto 0-0: Ball
1-0: Ball
2-0: SINGLE (Groundball, 6D, EV 108.1 MPH)
Josh Whitmore to third
Batting: RHB Salvador Caldera 0-0: Swinging Strike
0-1: Ball
1-1: Foul Ball, location: 2F
1-2: Ball
2-2: Strikes out looking
Batting: LHB Yat-sen Zhu 0-0: Foul Ball, location: 2F
0-1: Swinging Strike
0-2: Ball
1-2: Ball
2-2: Foul Ball, location: 2F
2-2: Ball
Kaname Fujimoto is caught stealing 2nd base 2-6
3-2: Ground out 6-3 (Groundball, P, EV 83.8 MPH)
Bottom of the 3rd over - 0 runs, 2 hits, 0 errors, 1 left on base; Lowell 0 - Spokane 3
TOP OF THE 4TH
Lowell Spinners batting - Pitching for Spokane Indians : LHP Tim Siddens
Batting: RHB Jim Hubbard 0-0: Foul Ball, location: 2F
0-1: Fly out, F4 (Line Drive, 4, EV 68.8 MPH)
Batting: RHB Ted Emmerich 0-0: Foul Ball, location: 2F
0-1: Hit by Pitch
Batting: RHB Dave Burwell 0-0: Called Strike
0-1: Swinging Strike
0-2: Ball
Ted Emmerich is caught stealing 2nd base 2-4
1-2: Ball
2-2: Foul Ball, location: 2F
2-2: Strikes out swinging
Top of the 4th over - 0 runs, 0 hits, 0 errors, 0 left on base; Lowell 0 - Spokane 3
BOTTOM OF THE 4TH
Spokane Indians batting - Pitching for Lowell Spinners : RHP Teruhiko Ushijima
Batting: RHB Zach Thomason 0-0: Ground out 4-3 (Groundball, 4, EV 80.6 MPH)
Batting: LHB Caleb Domino 0-0: Ball
1-0: Ball
2-0: Called Strike
2-1: Called Strike
2-2: Foul Ball, location: 2F
2-2: Ground out 6-3 (Groundball, 6, EV 88.1 MPH)
Batting: RHB Andres Mendiola 0-0: Ball
1-0: Fly out, F9 (Flyball, 9D, EV 93.1 MPH)
Bottom of the 4th over - 0 runs, 0 hits, 0 errors, 0 left on base; Lowell 0 - Spokane 3
TOP OF THE 5TH
Lowell Spinners batting - Pitching for Spokane Indians : LHP Tim Siddens
Batting: RHB Alex Cardenas 0-0: Ball
1-0: Called Strike
1-1: Swinging Strike
1-2: Strikes out swinging
Pitching: RHP Chris Lincecum II
Batting: RHB Bobby Schimke 0-0: Foul Ball, location: 2F
0-1: Fly out, F7 (Flyball, 78D, EV 98.1 MPH)
Batting: RHB Tony Nunez 0-0: Ball
1-0: Ground out 5-3 (Groundball, 56, EV 104.4 MPH)
Top of the 5th over - 0 runs, 0 hits, 0 errors, 0 left on base; Lowell 0 - Spokane 3
BOTTOM OF THE 5TH
Spokane Indians batting - Pitching for Lowell Spinners : RHP Teruhiko Ushijima
Batting: LHB Gabriel Graves 0-0: Ball
1-0: Ball
2-0: Foul Ball, location: 2F
2-1: Ball
3-1: Base on Balls
Pitching: RHP Josiah Russell
Batting: RHB Sergio Godinez 0-0: Foul Ball, location: 2F
0-1: Swinging Strike
0-2: Ball
1-2: Ball
2-2: Strikes out swinging
Batting: RHB Josh Whitmore 0-0: Called Strike
Gabriel Graves steals 2nd base
0-1: Ball
1-1: Called Strike
1-2: Ball
2-2: Ball
3-2: Foul Ball, location: 2F
3-2: Base on Balls
Batting: SHB Kaname Fujimoto 0-0: Swinging Strike
0-1: Foul Ball, location: 2F
0-2: Foul Ball, location: 2F
0-2: Ball
1-2: Strikes out looking
Batting: RHB Salvador Caldera 0-0: Ball
1-0: Ball
2-0: Fielders Choice at 2nd, 6-4 (Groundball, 6, EV 83.8 MPH)
Bottom of the 5th over - 0 runs, 0 hits, 0 errors, 2 left on base; Lowell 0 - Spokane 3
TOP OF THE 6TH
Lowell Spinners batting - Pitching for Spokane Indians : RHP Chris Lincecum II
Batting: SHB Salvador Padilla 0-0: Ball
1-0: Called Strike
1-1: Ball
2-1: Foul Ball, location: 2F
2-2: Ground out 6-3 (Groundball, 56, EV 99.4 MPH)
Batting: RHB Scott Hawkins 0-0: Ball
1-0: Ground out 4-3 (Groundball, 4, EV 87.5 MPH)
Batting: RHB Mike Strey 0-0: Ball
1-0: Ground out 6-3 (Groundball, 6M, EV 88.1 MPH)
Top of the 6th over - 0 runs, 0 hits, 0 errors, 0 left on base; Lowell 0 - Spokane 3
BOTTOM OF THE 6TH
Spokane Indians batting - Pitching for Lowell Spinners : RHP Josiah Russell
Batting: LHB Yat-sen Zhu 0-0: Ball
1-0: Ball
2-0: Called Strike
2-1: Foul Ball, location: 2F
2-2: Foul Ball, location: 2F
2-2: Ball
3-2: SINGLE (Line Drive, 9S, EV 103.1 MPH)
Batting: RHB Zach Thomason 0-0: Called Strike
Yat-sen Zhu steals 2nd, throwing error, E2
Yat-sen Zhu to third
0-1: Ground out 6-3 (Groundball, 6, EV 87.5 MPH)
Yat-sen Zhu scores
Batting: LHB Caleb Domino 0-0: Foul Ball, location: 2F
0-1: Ball
1-1: Swinging Strike
1-2: Foul Ball, location: 2F
1-2: Strikes out swinging
Batting: RHB Andres Mendiola 0-0: Ball
1-0: Foul Ball, location: 2F
1-1: Swinging Strike
1-2: Ball
2-2: Ball
3-2: Strikes out swinging
Bottom of the 6th over - 1 run, 1 hit, 1 error, 0 left on base; Lowell 0 - Spokane 4
TOP OF THE 7TH
Lowell Spinners batting - Pitching for Spokane Indians : RHP Chris Lincecum II
Now at 2B: Darnell Jones
Batting: RHB Jim Hubbard 0-0: Foul Ball, location: 2F
0-1: Ball
1-1: Swinging Strike
1-2: Foul Ball, location: 2F
1-2: Strikes out looking
Batting: RHB Ted Emmerich 0-0: SINGLE (Groundball, 4S, EV 63.1 MPH) (infield hit)
Batting: RHB Dave Burwell 0-0: Ball
Ted Emmerich is caught stealing 2nd base 2-4
1-0: Ground out 6-3 (Groundball, 6, EV 80.0 MPH)
Top of the 7th over - 0 runs, 1 hit, 0 errors, 0 left on base; Lowell 0 - Spokane 4
BOTTOM OF THE 7TH
Spokane Indians batting - Pitching for Lowell Spinners : RHP Josiah Russell
Batting: LHB Gabriel Graves 0-0: Ball
1-0: Ball
2-0: Called Strike
2-1: Swinging Strike
2-2: Strikes out looking
Batting: RHB Sergio Godinez 0-0: Called Strike
0-1: Called Strike
0-2: Ball
1-2: Foul Ball, location: 2F
1-2: Ball
2-2: Ball
3-2: Base on Balls
Pitching: LHP Ken Berger
Batting: RHB Josh Whitmore 0-0: Called Strike
0-1: Ball
1-1: Swinging Strike
1-2: Ball
2-2: Foul Ball, location: 2F
2-2: Ball
3-2: Fly out, F8 (Flyball, 8RXD, EV 104.4 MPH)
Batting: SHB Kaname Fujimoto 0-0: Foul Ball, location: 2F
0-1: 2-RUN HOME RUN (Flyball, 9LD, EV 93.8 MPH), Distance : 350 ft
Batting: RHB Salvador Caldera 0-0: Ground out 4-3 (Groundball, 4, EV 106.9 MPH)
Bottom of the 7th over - 2 runs, 1 hit, 0 errors, 0 left on base; Lowell 0 - Spokane 6
TOP OF THE 8TH
Lowell Spinners batting - Pitching for Spokane Indians : RHP Chris Lincecum II
Now at 1B: Herb Craig
Batting: RHB Alex Cardenas 0-0: Ball
1-0: Called Strike
1-1: Ball
2-1: Swinging Strike
2-2: Foul Ball, location: 2F
2-2: Foul Ball, location: 2F
2-2: Foul Ball, location: 2F
2-2: Strikes out swinging
Batting: RHB Bobby Schimke 0-0: Foul Ball, location: 2F
0-1: Ground out 5-3 (Groundball, 56S, EV 59.4 MPH)
Batting: RHB Tony Nunez 0-0: Ball
1-0: Ball
2-0: Swinging Strike
2-1: Fly out, F6 (Flyball, 56D, EV 87.5 MPH)
Top of the 8th over - 0 runs, 0 hits, 0 errors, 0 left on base; Lowell 0 - Spokane 6
BOTTOM OF THE 8TH
Spokane Indians batting - Pitching for Lowell Spinners : LHP Ken Berger
Batting: LHB Yat-sen Zhu 0-0: Ground out U3 (Groundball, 34, EV 84.4 MPH)
Batting: RHB Darnell Jones 0-0: Swinging Strike
0-1: Ball
1-1: Ball
2-1: Ball
3-1: Ground out 6-3 (Groundball, 6, EV 89.4 MPH)
Batting: LHB Caleb Domino 0-0: Ball
1-0: Ball
2-0: Called Strike
2-1: Ball
3-1: Base on Balls
Batting: RHB Andres Mendiola 0-0: Called Strike
0-1: Called Strike
0-2: Ball
Wild Pitch!
Caleb Domino to second
1-2: Ball
Pickoff Throw to Second - Error! E1
Caleb Domino to third
2-2: Ground out 4-3 (Groundball, 4M, EV 83.8 MPH)
Bottom of the 8th over - 0 runs, 0 hits, 1 error, 1 left on base; Lowell 0 - Spokane 6
TOP OF THE 9TH
Lowell Spinners batting - Pitching for Spokane Indians : RHP Chris Lincecum II
Batting: SHB Salvador Padilla 0-0: Ball
1-0: Fly out, F7 (Flyball, 7LD, EV 105.0 MPH)
Batting: RHB Scott Hawkins 0-0: Ball
1-0: DOUBLE (Line Drive, 8RXD, EV 104.4 MPH)
Batting: RHB Mike Strey 0-0: Called Strike
0-1: SINGLE (Groundball, 6MD, EV 106.9 MPH)
Scott Hawkins to third
Batting: RHB Jim Hubbard 0-0: Ball
1-0: Ball
2-0: Called Strike
2-1: Foul Ball, location: 2F
2-2: Fly out, F3 (Popup, 3SF, EV 66.9 MPH)
Batting: RHB Ted Emmerich 0-0: Called Strike
0-1: Fly out, F7 (Flyball, 7, EV 90.0 MPH)
Top of the 9th over - 0 runs, 2 hits, 0 errors, 2 left on base; Lowell 0 - Spokane 6
Tuesday, March 28th , 2023 - OOTP Baseball 23.10 Build 110